 Dungeon Crawl Stone Soup version 0.22.1-1-ga44c0e56f4 (webtiles) character file.

12621 KleinerIrrer the Martial Artist (level 11, -8/75 HPs)
             Began as an Octopode Fighter on Oct 21, 2018.
             Was a High Priest of Okawaru.
             Mangled by a komodo dragon (27 damage)
             ... on level 1 of the Lair of Beasts.
             The game lasted 00:38:44 (16184 turns).

KleinerIrrer the Martial Artist (Octopode Fighter) Turns: 16184, Time: 00:38:44

Health: -8/75      AC:  1    Str: 15    XL:     11   Next: 96%
Magic:  18/25      EV: 20    Int: 11    God:    Okawaru [*****.]
Gold:   796        SH: 13    Dex: 15    Spells: 10/10 levels left

rFire    + . .     SeeInvis +     - Unarmed
rCold    . . .     Gourm    .   a - +1 shield
rNeg     + . .     Faith    .   (helmet restricted)
rPois    .         Spirit   .   t - amulet of the acrobat
rElec    +         Reflect  .   h - ring of see invisible
rCorr    +         Harm     .   q - ring of flight
MR       +....                  v - ring of wizardry
Stlth    ++++......             s - ring of the Modern Demons {rElec rF+ rN+ MR+}
HPRegen  0.22/turn              N - ring of resist corrosion
MPRegen  0.19/turn              Q - ring of magical power
                                (no ring)
                                (no ring)

@: heroism
A: almost no armour, stealthy swim, amphibious, 8 rings, constrict 8, camouflage
1, gelatinous body 1
a: Heroism, Finesse, Renounce Religion, Evoke Flight


You were on level 1 of the Lair of Beasts.
You worshipped Okawaru.
Okawaru was extremely pleased with you.
You were not hungry.

You visited 2 branches of the dungeon, and saw 11 of its levels.
You also visited: Labyrinth and Bailey.

You collected 796 gold pieces.

Inventory:

Hand Weapons
 D - a +0 blowgun
 O - the +6 dagger "Lubeufamn" {antimagic, rElec rC++ Int+4 Dex+2, unknown}
   (You took it off a minotaur in a labyrinth)

   It reduces the magical energy of the wielder, and disrupts the spells and
   magical abilities of those hit.
   Natural abilities and divine invocations are not affected.
   It affects your intelligence (+4).
   It affects your dexterity (+2).
   It greatly protects you from cold.
   It insulates you from electricity.
Missiles
 g - 3 needles of sleeping
 u - 17 javelins of returning (quivered)
 x - 71 poisoned needles
 E - 5 curare-tipped needles
 K - 4 javelins
 L - 6 needles of confusion
 M - 16 steel javelins
Armour
 a - a +1 shield (worn)
Jewellery
 h - a ring of see invisible (left tentacle)
 q - a ring of flight (right tentacle)
 s - the ring of the Modern Demons (on tentacle) {rElec rF+ rN+ MR+}
   (You found it in a bailey)

   [ring of positive energy]

   It protects you from fire.
   It insulates you from electricity.
   It protects you from negative energy.
   It affects your resistance to hostile enchantments.
 t - an amulet of the acrobat (around mantle)
 v - a ring of wizardry (on tentacle)
 N - a ring of resist corrosion (on tentacle)
 Q - a ring of magical power (on tentacle)
 R - an uncursed ring of ice
Wands
 w - a wand of clouds (7)
 y - a wand of paralysis (2)
 A - a wand of flame (42)
 F - a wand of polymorph (10)
 G - a wand of enslavement (13)
 T - a wand of random effects (17)
Scrolls
 f - a scroll of immolation
 j - a scroll of fog
 k - 2 scrolls of amnesia
 l - 3 scrolls of teleportation
 m - a scroll of magic mapping
 o - 4 scrolls of remove curse
 z - a scroll of acquirement {unknown}
 I - a scroll of enchant armour
 J - 3 scrolls of identify
Potions
 b - 2 potions of flight
 d - 2 potions of curing
 e - a potion of lignification
 i - 4 potions of resistance
 n - a potion of mutation {unknown}
 p - 2 potions of ambrosia {unknown}
 r - 3 potions of brilliance
 B - a potion of invisibility {unknown}
 C - a potion of cancellation {unknown}
 H - a potion of haste {unknown}
Miscellaneous
 U - a phantom mirror
Comestibles
 c - 21 rations
 P - 5 chunks of flesh


   Skills:
 * Level 7.2(12.2) Fighting
 + Level 2.1(7.1) Throwing
 + Level 6.0(11.0) Dodging
 + Level 6.3(11.3) Shields
 + Level 13.0(18.0) Unarmed Combat
 * Level 6.9 Invocations
 * Level 5.9 Evocations


You had 10 spell levels left.
You didn't know any spells.
Your spell library contained the following spells:

 Spells                   Type           Power        Failure   Level  Hunger
 Corona                   Hex            #......      22%         1    ##.....
 Flame Tongue             Conj/Fire      #....        22%         1    ##.....
 Magic Dart               Conj           #...         22%         1    ##.....
 Shock                    Conj/Air       #...         22%         1    ##.....
 Summon Butterflies       Summ           #.......     22%         1    ##.....
 Blink                    Tloc           N/A          32%         2    ###....
 Call Imp                 Summ           #.......     32%         2    ###....
 Ensorcelled Hibernation  Hex/Ice        #.....       32%         2    ###....
 Passwall                 Tmut/Erth      #.......     32%         2    ###....
 Poisonous Vapours        Pois/Air       #.....       32%         2    ###....
 Slow                     Hex            #.......     32%         2    ###....
 Swiftness                Chrm/Air       #.......     32%         2    ###....
 Throw Flame              Conj/Fire      #.....       32%         2    ###....
 Confuse                  Hex            #.......     52%         3    ####...
 Conjure Flame            Conj/Fire      #.......     52%         3    ####...
 Dazzling Spray           Conj/Hex       #.....       52%         3    ####...
 Inner Flame              Hex/Fire       #.......     52%         3    ####...
 Mephitic Cloud           Conj/Pois/Air  #.......     52%         3    ####...
 Static Discharge         Conj/Air       #.......     52%         3    ####...
 Summon Guardian Golem    Hex/Summ       #.......     52%         3    ####...
 Tukima's Dance           Hex            #.......     52%         3    ####...
 Airstrike                Air            #.........   89%         4    #####..
 Passage of Golubria      Tloc           N/A          89%         4    #####..
 Sticky Flame             Conj/Fire      #.......     89%         4    #####..
 Aura of Abjuration       Summ           #.........   99%         5    ######.
 Bolt of Magma            Conj/Fire/Erth #.........   99%         5    ######.
 Fireball                 Conj/Fire      #.........   99%         5    ######.
 Iskenderun's Battlesphe  Conj/Chrm      #.......     99%         5    ######.
 Lee's Rapid Deconstruct  Erth           #.........   99%         5    ######.
 Lightning Bolt           Conj/Air       #.........   99%         5    ######.
 Venom Bolt               Conj/Pois      #.........   99%         5    ######.
 Conjure Ball Lightning   Conj/Air       #.........   100%        6    #######
 Darkness                 Hex            #.........   100%        6    #######
 Freezing Cloud           Conj/Ice/Air   #.........   100%        6    #######
 Invisibility             Hex            #.......     100%        6    #######
 Iron Shot                Conj/Erth      #.........   100%        6    #######
 Orb of Destruction       Conj           #.........   100%        7    #######
 Ring of Flames           Chrm/Fire      #.........   100%        7    #######
 Spellforged Servitor     Conj/Summ      #.........   100%        7    #######


Dungeon Overview and Level Annotations

Branches:
Dungeon (10/15)            Temple (0/1) D:6            Lair (1/6) D:10
    Orc: D:9-12

Altars:
Okawaru
Uskayaw

Annotations:
D:6 Menkaure
Lair:1 Gastronok


Innate Abilities, Weirdness & Mutations

You cannot wear most types of armour.
You are very stealthy in the water. (Stealth+)
You are amphibious.
You can wear up to eight rings at the same time.
You can use your tentacles to constrict eight enemies at once.
Your skin changes colour to match your surroundings (Stealth+).
Your rubbery body absorbs attacks. (AC +1, EV +1)


Message History

You tentacle-slap the komodo dragon but do no damage.
The komodo dragon is heavily wounded.
The komodo dragon bites you!!
You tentacle-slap the komodo dragon but do no damage.
The komodo dragon is heavily wounded.
The komodo dragon closely misses you.
You tentacle-slap the komodo dragon but do no damage.
You squeeze the komodo dragon!
The komodo dragon is severely wounded.
Your shield prevents you from hitting the komodo dragon.
The komodo dragon is severely wounded.
The komodo dragon bites you!!
* * * LOW HITPOINT WARNING * * *
You gain the combat prowess of a mighty hero.
You block the komodo dragon's attack.
You tentacle-slap the komodo dragon but do no damage.
Your squeeze misses the komodo dragon.
The komodo dragon is severely wounded.
The komodo dragon bites you!!
You die...

,,,,,,****,*,,,,,,,,,*
,,,******............#
*,** *,,,............#
*** *,,,P...........#
*,,,♣P..........#
**,,*♣P..........##
*,,,,PPP..........#
***,,,.......l.....#
*,,,,,,,,,,,#@..=..#
***,,,,,,,,,,,#P.....#
*,,,,**,,,,,**###....#
**,,,,,,,,,** ###..###
**** **,,,,,,,,*
###..P####*,,**
*,*,,,...**
##P.........,,,*
***,.#..#*
####.......#.(#,***
*,...#*
##...........###**
*,..#* ##....∩......##


You could see a komodo dragon.

Vanquished Creatures
  A minotaur (Lab)
  Josephine (D:9)
  A two-headed ogre (D:10)
  Urug (D:10)
  A black mamba (Lair:1)
  A spiny frog (Lair:1)
  A komodo dragon (Lair:1)
  2 trolls (D:10)
  Prince Ribbit (D:4)
  A hippogriff (D:8)
  2 dream sheep (D:8)
  A wyvern (D:10)
  2 shadows (Lab)
  2 yaks (D:8)
  5 wraiths
  A steam dragon (D:8)
  Edmund (D:5)
  A water moccasin (D:7)
  Duvessa (D:5)
  3 sky beasts
  4 ogres
  13 orc warriors
  A necrophage (D:7)
  An ice beast (D:8)
  A phantom (D:10)
  9 centaurs
  A crocodile (D:10)
  3 big kobolds (D:8)
  4 bullfrogs
  Dowan (D:5)
  5 scorpions
  4 killer bees (D:7)
  5 howler monkeys
  5 wights
  7 crimson imps
  A bullfrog zombie (D:5)
  6 orc wizards
  3 hounds
  3 jellies
  A gnoll shaman (D:7)
  4 orc priests
  2 centaur skeletons (D:10)
  2 centaur zombies
  2 iguanas
  7 worker ants
  Ijyb (D:5)
  2 hound zombies
  3 hound skeletons
  Robin (D:4)
  12 gnolls
  10 adders
  A shadow imp (D:6)
  3 adder skeletons (D:4)
  An adder zombie (D:7)
  A worm (D:2)
  3 dart slugs
  8 leopard geckos
  50 orcs
  3 bats
  2 giant cockroaches
  18 goblins
  8 hobgoblins
  7 jackals
  11 kobolds
  A quokka (D:6)
  3 ball pythons
  3 frilled lizards
  A quokka zombie (D:5)
  6 rats
284 creatures vanquished.

Vanquished Creatures (others)
  2 plants (Lair:1)
2 creatures vanquished.

Grand Total: 286 creatures vanquished

Notes
Turn   | Place    | Note
-------+----------+-------------------------------------------
     0 | D:1      | KleinerIrrer the Octopode Fighter began the quest for the
                  | Orb.
     0 | D:1      | Reached XP level 1. HP: 16/16 MP: 1/1
   208 | D:1      | Reached XP level 2. HP: 20/21 MP: 2/2
   498 | D:1      | Reached XP level 3. HP: 19/26 MP: 3/3
  1820 | D:3      | Reached XP level 4. HP: 29/31 MP: 4/4
  1840 | D:3      | Noticed a phantom
  2373 | D:3      | Reached skill level 3 in Unarmed Combat
  2765 | D:4      | Noticed Robin
  3001 | D:4      | Killed Robin
  3207 | D:4      | Reached skill level 4 in Unarmed Combat
  3207 | D:4      | Reached XP level 5. HP: 25/36 MP: 5/5
  3732 | D:4      | Reached skill level 5 in Unarmed Combat
  3735 | D:4      | Reached XP level 6. HP: 25/42 MP: 6/6
  3942 | D:5      | Entered Level 5 of the Dungeon
  3942 | D:5      | Noticed Duvessa
  3942 | D:5      | Noticed Dowan
  3942 | D:5      | Noticed Ijyb
  3981 | D:5      | Noticed Prince Ribbit
  4008 | D:4      | Killed Prince Ribbit
  4008 | D:4      | Reached skill level 6 in Unarmed Combat
  4008 | D:4      | Reached XP level 7. HP: 27/46 MP: 7/7
  4389 | D:5      | Reached skill level 7 in Unarmed Combat
  4495 | D:5      | Killed Ijyb
  4540 | D:5      | Found a hide-covered altar of Uskayaw.
  4577 | D:5      | Noticed Edmund
  4626 | D:5      | Killed Edmund
  4866 | D:5      | Found an iron altar of Okawaru.
  4889 | D:5      | Became a worshipper of Warmaster Okawaru
  5024 | D:5      | Reached skill level 8 in Unarmed Combat
  5360 | D:5      | Killed Duvessa
  5360 | D:5      | Reached XP level 8. HP: 27/52 MP: 8/8
  5364 | D:5      | Killed Dowan
  5522 | D:5      | Reached skill level 9 in Unarmed Combat
  5575 | D:5      | Reached * piety under Okawaru
  5742 | D:6      | Reached skill level 1 in Invocations
  6077 | D:6      | Reached skill level 10 in Unarmed Combat
  6517 | D:6      | Reached XP level 9. HP: 47/58 MP: 10/10
  6601 | D:6      | Reached ** piety under Okawaru
  6874 | D:6      | Found a staircase to the Ecumenical Temple.
  7231 | D:7      | Noticed Menkaure
  7850 | D:7      | Reached skill level 5 in Fighting
  7850 | D:7      | Reached skill level 1 in Evocations
  8491 | D:8      | Reached skill level 11 in Unarmed Combat
  8750 | D:8      | Reached XP level 10. HP: 66/66 MP: 13/13
  8850 | D:8      | Found a flagged portal.
  8855 | Bailey   | Entered a bailey
  9245 | Bailey   | Reached *** piety under Okawaru
 10153 | Bailey   | Received a gift from Okawaru
 10510 | Bailey   | Reached skill level 5 in Dodging
 10565 | Bailey   | Reached skill level 5 in Invocations
 10742 | Bailey   | Reached skill level 5 in Shields
 11134 | Bailey   | Got an ancient jade ring
 11349 | Bailey   | Identified the ring of the Modern Demons {rElec rF+ rN+
                  | MR+} (You found it in a bailey)
 11389 | D:8      | Identified the Handbook of Air and Creation
 11742 | D:8      | Reached skill level 12 in Unarmed Combat
 11755 | D:8      | Reached skill level 1 in Throwing
 11919 | D:8      | Reached **** piety under Okawaru
 11937 | D:8      | Noticed a three-headed hydra
 12418 | D:9      | Reached XP level 11. HP: 71/72 MP: 15/15
 12881 | D:10     | Entered Level 10 of the Dungeon
 12885 | D:10     | Noticed Josephine
 12901 | D:9      | Killed Josephine
 13862 | D:10     | Noticed Urug
 13878 | D:10     | Killed Urug
 13878 | D:10     | Reached skill level 5 in Evocations
 14176 | D:10     | Reached ***** piety under Okawaru
 14296 | D:10     | Received a gift from Okawaru
 14709 | D:10     | Found a staircase to the Lair.
 14817 | D:10     | Noticed a two-headed ogre
 14829 | D:10     | Killed a two-headed ogre
 15248 | Lair:1   | Entered Level 1 of the Lair of Beasts
 15248 | Lair:1   | Noticed Gastronok
 15248 | Lair:1   | Noticed an eight-headed hydra
 15638 | Lair:1   | Found a labyrinth entrance.
 15647 | Lab      | Entered a labyrinth
 15990 | Lab      | Noticed a minotaur
 16006 | Lab      | Killed a minotaur
 16006 | Lab      | Reached skill level 13 in Unarmed Combat
 16053 | Lab      | Got a transparent dagger {antimagic}
 16184 | Lair:1   | Mangled by a komodo dragon

Skill      XL: |  1  2  3  4  5  6  7  8  9 10 11 |
---------------+----------------------------------+-----
Unarmed Combat | 4 5 6 8 10 11 12 13 | 13.0
Invocations    | 2 4 5 6 |  6.9
Fighting       | 4 5 6 7 |  7.2
Dodging        | 4 5 6 |  6.0
Shields        | 4 5 6 |  6.3
Evocations     | 2 4 5 |  5.9
Throwing       | 1 2 |  2.1

Action                   |  1- 3 |  4- 6 |  7- 9 | 10-12 || total
-------------------------+-------+-------+-------+-------++-------
Melee: Unarmed           |    79 |   102 |   271 |   375 ||   827
       Constrict         |    25 |    23 |    52 |    56 ||   156
       Tentacles         |    13 |    20 |    68 |    79 ||   180
       Punch             |     1 |     4 |    19 |    35 ||    59
 Fire: Blowgun           |       |       |       |    31 ||    31
Throw: Javelin           |       |       |       |    20 ||    20
Invok: Heroism           |       |       |     5 |    15 ||    20
Evoke: Wand              |       |       |       |     6 ||     6
  Use: Scroll            |       |     7 |     7 |     4 ||    18
       Potion            |       |     2 |     5 |     5 ||    12
 Stab: Sleeping          |     4 |     5 |     3 |     2 ||    14
       Distracted        |       |       |     1 |       ||     1
  Eat: Chunk             |     3 |     6 |    12 |    17 ||    38
       Ration            |       |       |     1 |     2 ||     3
Armor: Skin              |     4 |     5 |     2 |    10 ||    21
Dodge: Dodged            |    32 |    41 |    94 |   183 ||   350
Block: Shield            |    22 |    43 |    70 |   217 ||   352
